 Dungeon Crawl Stone Soup version 0.30-a0-1018-g25214051b3 (webtiles) character file.

Game seed: 14896326264621925168

106 promet the Covered (level 4, -1/29 HPs)
             Began as a Gargoyle Fighter on Apr 7, 2023.
             Slain by an orc
             ... wielding a +0 flail
              (5 damage)
             ... on level 3 of the Dungeon.
             The game lasted 00:12:52 (2925 turns).

promet the Covered (Gargoyle Fighter)               Turns: 2925, Time: 00:12:53

Health: -1/29      AC: 13    Str: 21    XL:     4   Next: 84%
Magic:  4/4        EV:  7    Int:  9    God:
Gold:   79         SH:  5    Dex:  9    Spells: 3/3 levels left

rFire   . . .      SeeInvis +    a - +0 flail
rCold   . . .      Faith    .    c - +1 buckler
rNeg    + . .      Spirit   .    l - +0 chain mail
rPois   ∞          Reflect  .    (no helmet)
rElec   +          Rampage  .    (no cloak)
rCorr   .                        (no gloves)
Will    .....                    (no boots) Stlth
                                 (no amulet)
HPRegen 0.24/turn                e - ring of see invisible
MPRegen 0.09/turn                i - ring of wizardry

@: no status effects
A: sickness immunity, AC +3, negative energy resistance 1, electricity
resistance, torment resistance 1, petrification resistance
a: no special abilities


You were on level 3 of the Dungeon.
You visited 1 branch of the dungeon, and saw 3 of its levels.

You collected 79 gold pieces.

Inventory:

Hand Weapons
 a - a +0 flail (weapon)
Missiles
 g - 6 stones
 j - a boomerang (quivered)
Armour
 c - a +1 buckler (worn)
 l - a +0 chain mail (worn)
Jewellery
 e - a ring of see invisible (left hand)
 i - a ring of wizardry (right hand)
Wands
 f - a wand of paralysis (6)
Scrolls
 b - a scroll of poison
 m - 3 scrolls of identify
Potions
 d - 2 potions of might
 h - 2 potions of heal wounds
 k - 2 potions of degeneration {unknown}
 n - a potion of curing {unknown}


   Skills:
 + Level 3.6 Fighting
 + Level 3.5 Maces & Flails
 + Level 0.1 Throwing
 + Level 4.0 Armour
 + Level 0.3 Dodging
 + Level 0.3 Stealth
 + Level 3.7 Shields


You had 3 spell levels left.
You didn't know any spells.
Your spell library contained the following spells:

 Spells                   Type           Power      Damage    Failure   Level
 Animate Dead             Necr           0%         N/A       100%        4
 Borgnjor's Vile Clutch   Necr/Erth      0%         N/A       100%        5
 Death Channel            Necr           0%         N/A       100%        6


Dungeon Overview and Level Annotations

Branches:
Dungeon (3/15)

Altars:


Innate Abilities, Weirdness & Mutations

You are immune to sickness and miasma.
Your stone body is resilient. (AC +3)
You are immune to poison.
You resist negative energy. (rN+)
You are resistant to electric shocks. (rElec)
You are resistant to unholy torment.
You are immune to petrification.


Message History

The orc priest shouts!
The hobgoblin shouts!
You hit the orc.
The orc is lightly wounded.
The orc closely misses you.
You hit the orc.
The orc is heavily wounded.
The orc hits you but does no damage.
You sock the orc!
You kill the orc!
You barely miss the orc. The orc hits you but does no damage.
The orc priest begins to cast a cantrip, but forgets the words!
The orc hits you with a +0 flail!
You closely miss the orc. The orc closely misses you.
You completely miss the orc priest.
The orc priest hits you but does no damage.
The orc hits you but does no damage. The hobgoblin hits you.
You hit the orc priest.
The orc priest is heavily wounded.
The orc priest hits you with a +0 flail.
The orc closely misses you. The hobgoblin barely misses you.
The orc priest hits you but does no damage.
The orc barely misses you.
The hobgoblin hits you but does no damage.
You hit the orc priest.
The orc priest is heavily wounded.
The orc priest hits you but does no damage.
The orc hits you but does no damage. You block the hobgoblin's attack.
You closely miss the orc. You block the orc priest's attack.
The orc hits you with a +0 flail. The hobgoblin barely misses you.
Unknown command.
You sock the hobgoblin!
You kill the hobgoblin!
The orc priest hits you but does no damage.
You block the orc's attack.
The orc priest calls down the wrath of Beogh upon you.
Beogh smites you!
* * * LOW HITPOINT WARNING * * *
The orc hits you with a +0 flail.
You die...

## #......... ..
#......... ## #.
#.....<... .. #.#.
#......... ## #. #.#.
#.........
.....##..#.#.##.....:...
.....##..#......oo......
................@)......
..............)#####....
...............# .
...............#
...............#
....†..........#
#####.########## ..# #.#
#.###.#


You could see an orc priest and an orc.

Vanquished Creatures
  5 adders
  A worm (D:2)
  2 dart slugs (D:1)
  3 orcs
  5 bats
  3 endoplasms
  A giant cockroach (D:2)
  5 goblins
  4 hobgoblins
  5 kobolds
  4 quokkas
  4 ball pythons
  2 frilled lizards (D:1)
  7 rats
51 creatures vanquished.

Notes
Turn   | Place    | Note
-------+----------+-------------------------------------------
     0 | D:1      | promet the Gargoyle Fighter began the quest for the Orb.
     0 | D:1      | Reached XP level 1. HP: 14/14 MP: 1/1
    89 | D:1      | Found a faded altar of an unknown god.
   243 | D:1      | Reached XP level 2. HP: 19/19 MP: 2/2
  1206 | D:1      | Reached XP level 3. HP: 23/23 MP: 3/3
  1602 | D:1      | Upgraded the game from 0.30-a0-1016-gfb0d676c02 to
                  | 0.30-a0-1018-g25214051b3
  2068 | D:2      | Reached XP level 4. HP: 27/28 MP: 4/4
  2737 | D:3      | Reached skill level 4 in Armour
  2925 | D:3      | Slain by an orc

Illustrated notes

Levels and vault maps discovered:
D:1:      saegor_arrival_simple_d, layout_basic, ebering_ecumenical_altar_mist,
          serial_co_window_serial, co_window_of_opportunity_a,
          co_window_cross_1, co_window_of_opportunity_a,
          co_window_of_opportunity_a, co_window_paths_b,
          co_window_of_opportunity_a, co_window_of_opportunity_a,
          co_window_paths_c, co_window_corner_ca, co_window_broadway_c,
          co_window_corner_b, co_window_2corner, co_window_4corner_b,
          glass_columns_a, glass_columns_c, glass_columns_c
D:2:      layout_basic, kennysheep_generic_room_8
D:3:      cheibrodos_greedy_goblins, layout_basic, uniq_ijyb, uniq_sigmund,
          uniq_natasha

Skill      XL: |  1  2  3  4 |
---------------+-------------+-----
Maces & Flails | 3 |  3.5
Armour         | 4 |  4.0
Fighting       | |  3.6
Throwing       | |  0.1
Dodging        | |  0.3
Stealth        | |  0.3
Shields        | |  3.7

Action                     |  1- 3 |  4- 6 || total
---------------------------+-------+-------++-------
  Melee: Flail             |   148 |    91 ||   239
  Throw: Stone             |    11 |       ||    11
         Boomerang         |       |     3 ||     3
    Use: Scroll            |     7 |       ||     7
 Armour: Scale mail        |    83 |     5 ||    88
         Chain mail        |       |    58 ||    58
  Dodge: Dodged            |    74 |    47 ||   121
  Block: Buckler           |    33 |    26 ||    59

Table legend: (Time is in decaauts)
 A = Elapsed time spent in this place.
 B = Non-inter-level travel time spent in this place.
 C = Inter-level travel time spent in this place.
 D = Time resting spent in this place.
 E = Time spent auto-exploring this place.
 F = Levels seen in this place.
 G = Mean time per level.
                   A        B        C        D        E       F      G
               +--------+--------+--------+--------+--------+-----+--------+
         Total |   2997 |   2977 |     20 |    839 |    767 |   3 |  999.0 |
       Dungeon |   2997 |   2977 |     20 |    839 |    767 |   3 |  999.0 |
               +--------+--------+--------+--------+--------+-----+--------+

Top non-repeatable levels by time:
     D:1: 1646 daAuts
     D:2: 1098 daAuts
     D:3: 253 daAuts
